 Dungeon Crawl Stone Soup version 0.29-a0-1027-gcd8c55af63 (webtiles) character file.

Game seed: 8671493888318263784

112 27heaven the Slasher (level 4, -1/38 HPs)
             Began as a Draconian Fighter on Aug 12, 2022.
             Slain by Terence
             ... wielding a +0 flail
              (5 damage)
             ... on level 3 of the Dungeon.
             The game lasted 00:04:36 (2910 turns).

27heaven the Slasher (Draconian Fighter)            Turns: 2910, Time: 00:04:37

Health: -1/38      AC:  5    Str: 17 (18) XL:     4   Next: 63%
Magic:  4/4        EV:  8    Int:  5 (8)  God:
Gold:   134        SH: 17    Dex: 12 (13) Spells: 3/3 levels left

rFire   + . .      SeeInvis .   a - +0 long sword
rCold   . . .      Faith    .   r - +0 tower shield
rNeg    . . .      Spirit   .   (body armour unavailable)
rPois   .          Reflect  +   (helmet restricted)
rElec   .          Harm     .   (no cloak)
rCorr   .          Rampage  .   (no gloves)
Will    .....                   (no boots)
Stlth   +.........              q - amulet of reflection
HPRegen 0.12/turn               d - ring of protection from fire
MPRegen 0.09/turn               (no ring)

@: brilliant
A: AC +5, unfitting armour, cold-blooded
a: no special abilities


You were on level 3 of the Dungeon.
You visited 1 branch of the dungeon, and saw 3 of its levels.

You collected 134 gold pieces.

Inventory:

Hand Weapons
 a - a +0 long sword (weapon)
Armour
 b - a +0 buckler
 r - a +0 tower shield (worn)
Jewellery
 d - a ring of protection from fire (left hand)
 k - an amulet of guardian spirit
 q - an amulet of reflection (around neck)
Scrolls
 c - a scroll of magic mapping
 i - a scroll of fear {unknown}
 j - 2 scrolls of fog {unknown}
 l - a scroll of immolation {unknown}
 m - 2 scrolls of identify
 n - a scroll of teleportation {unknown}
 p - a scroll of noise {unknown}
 s - a scroll of acquirement {unknown}
 t - a scroll of enchant armour {unknown}


   Skills:
 - Level 3.2 Fighting
 + Level 4.7 Long Blades
 - Level 2.6 Dodging
 + Level 3.2 Shields


You had 3 spell levels left.
You didn't know any spells.
Your spell library contained the following spells:

 Spells                   Type           Power      Damage    Failure   Level
 Beastly Appendage        Tmut           0%         N/A       100%        1
 Wereblood                Tmut           0%         N/A       100%        2
 Gell's Gravitas          Tloc           0%         N/A       100%        3
 Ozocubu's Armour         Ice            0%         N/A       100%        3
 Spider Form              Tmut/Pois      0%         N/A       100%        3
 Teleport Other           Tloc           0%         N/A       100%        3
 Metabolic Englaciation   Hex/Ice        0%         N/A       100%        5
 Dispersal                Tloc           0%         N/A       100%        6
 Simulacrum               Ice/Necr       0%         N/A       100%        6


Dungeon Overview and Level Annotations

Branches:
Dungeon (3/15)

Altars:

Annotations:
D:2 Natasha, Sigmund
D:3 Terence


Innate Abilities, Weirdness & Mutations

Your plain brown scales are hard. (AC +5)
You cannot fit into any form of body armour.
You are cold-blooded and may be slowed by cold attacks.


Message History

You slash Terence!
Terence is heavily wounded.
You block Terence's attack.
You hit Terence but do no damage.
Your tail-slap misses Terence.
Terence is heavily wounded.
Terence zaps a wand.
The roots erupt in riotous growth!
The grasping roots grab you!
Terence is unaffected.
The grasping roots constrict you. You block Terence's attack.
The grasping roots constrict you.
You hit Terence.
Terence is heavily wounded.
You block Terence's attack. The grasping roots constrict you.
The grasping roots release their grip on you.
Unknown command.
You hit Terence.
Terence is almost dead.
Terence says, "Don't bother to defend, it's pointless."
You block Terence's attack.
Terence zaps a wand.
The roots erupt in riotous growth!
The grasping roots grab you!
Terence is unaffected.
The grasping roots constrict you.
You barely miss Terence.
You tail-slap Terence, but do no damage.
Terence is almost dead.
Terence hits you with a +0 flail! The grasping roots constrict you.
* * * LOW HITPOINT WARNING * * *
You block Terence's attack. The grasping roots constrict you.
* * * LOW HITPOINT WARNING * * *
You barely miss Terence. You tail-slap Terence.
Terence is almost dead.
You block Terence's attack. The grasping roots constrict you.
* * * LOW HITPOINT WARNING * * *
The grasping roots release their grip on you.
Unknown command.
You aren't carrying any potions.
Okay, then.
You hit Terence but do no damage.
Terence is almost dead.
Terence hits you with a +0 flail.
You die...

#....##...........# #
#....##...........# #
#....))...........### #
#....##.............######
#....#####..#####.#..)....
#>...# #.## #.######..
#....# ##.# #.........
###### #..# ####....###..
#@####....## ...
#@......### .... #######.#
...## .# ...# .. ... ....
#####


You could see Terence.

Vanquished Creatures
  Robin (D:2)
  An adder (D:3)
  A worm (D:2)
  3 dart slugs
  10 orcs
  2 ball pythons (D:1)
  3 endoplasms
  3 giant cockroaches
  10 goblins
  10 hobgoblins
  4 jackals (D:3)
  6 kobolds
  A quokka (D:3)
  A bat (D:1)
  7 frilled lizards
  3 rats
66 creatures vanquished.

Notes
Turn   | Place    | Note
-------+----------+-------------------------------------------
     0 | D:1      | 27heaven the Draconian Fighter began the quest for the Orb.
     0 | D:1      | Reached XP level 1. HP: 19/19 MP: 1/1
   434 | D:1      | Reached XP level 2. HP: 21/26 MP: 2/2
   650 | D:1      | Reached skill level 3 in Long Blades
  1144 | D:2      | Noticed Natasha
  1170 | D:2      | Noticed Sigmund
  1317 | D:2      | Reached XP level 3. HP: 5/31 MP: 0/3
  1628 | D:2      | Noticed Robin
  1678 | D:2      | Killed Robin
  1679 | D:2      | Reached skill level 4 in Long Blades
  2063 | D:3      | Reached XP level 4. HP: 20/38 MP: 2/4
  2890 | D:3      | Noticed Terence
  2910 | D:3      | Slain by Terence

Illustrated notes

Levels and vault maps discovered:
D:1:      matt_arrival_grand_opening, layout_loops_corners
D:2:      layout_rooms, uniq_robin, uniq_natasha, uniq_sigmund
D:3:      minmay_recursive_quarters, layout_rooms, nemelex_spade_bored_becter,
          hellmonk_ecumenical_altar_crossroads, uniq_terence

Skill      XL: |  1  2  3 |
---------------+----------+-----
Long Blades    | 3 4 |  4.7
Fighting       | |  3.2
Dodging        | |  2.6
Shields        | |  3.2

Action                   |  1- 3 |  4- 6 || total
-------------------------+-------+-------++-------
Melee: Long sword        |   122 |    77 ||   199
       Tailslap          |    12 |     8 ||    20
  Use: Potion            |     1 |     5 ||     6
       Scroll            |       |     1 ||     1
 Stab: Sleeping          |     1 |       ||     1
Armor: Skin              |    37 |    15 ||    52
Dodge: Dodged            |    82 |    19 ||   101
Block: Buckler           |    23 |     1 ||    24
       Tower shield      |       |    87 ||    87
       Reflection        |       |     1 ||     1

Table legend: (Time is in decaauts)
 A = Elapsed time spent in this place.
 B = Non-inter-level travel time spent in this place.
 C = Inter-level travel time spent in this place.
 D = Time resting spent in this place.
 E = Time spent auto-exploring this place.
 F = Levels seen in this place.
 G = Mean time per level.
                   A        B        C        D        E       F      G
               +--------+--------+--------+--------+--------+-----+--------+
         Total |   2988 |   2971 |     17 |    718 |   1554 |   3 |  996.0 |
       Dungeon |   2988 |   2971 |     17 |    718 |   1554 |   3 |  996.0 |
               +--------+--------+--------+--------+--------+-----+--------+

Top non-repeatable levels by time:
     D:1: 1548 daAuts
     D:3: 1004 daAuts
     D:2: 436 daAuts
